 Dungeon Crawl Stone Soup version 0.26-a0-712-ga5a9c9c9d0 (webtiles) character file.

Game seed: 13917225282652775483

335 kae the Insei (level 6, -4/34 HPs)
             Began as a Tengu Transmuter on Nov 13, 2020.
             Slain by an orc
             ... wielding a +0 flail
              (8 damage)
             ... on level 3 of the Dungeon.
             The game lasted 00:02:46 (4031 turns).

kae the Insei (Tengu Transmuter)                    Turns: 4031, Time: 00:02:47

Health: -4/34      AC:  6    Str: 10 (12) XL:     6   Next: 53%
Magic:  10/10      EV: 10    Int: 10 (13) God:
Gold:   99         SH:  0    Dex: 14 (15) Spells: 8/9 levels left

rFire    x . .     SeeInvis .     - Unarmed
rCold    + + .     Faith    .   (no shield)
rNeg     . . .     Spirit   .   e - +0 ice dragon scales
rPois    .         Reflect  .   (helmet restricted)
rElec    .         Harm     .   j - +0 cloak
rCorr    .         Rampage  .   (no gloves)
MR       .....     Clarity  +   (boots unavailable)
Stlth    ..........             (no amulet)
HPRegen  0.11/turn              (no ring)
MPRegen  0.12/turn              (no ring)

@: lethally poisoned (-4 -> -14), flying quickly and evasively, quick
A: beak, talons 3, clarity, deformed body, deterioration 1, able to fly
a: Stop Flying


You were on level 3 of the Dungeon.
You visited 1 branch of the dungeon, and saw 4 of its levels.

You collected 99 gold pieces.

Inventory:

Armour
 a - a +0 robe
 e - +0 ice dragon scales (worn)
 j - a +0 cloak (worn)
Scrolls
 b - 4 scrolls of identify {unknown}
 d - a scroll of blinking {unknown}
 f - 2 scrolls of fear {unknown}
 g - a scroll of fog {unknown}
 h - a scroll of teleportation {unknown}
 m - 2 scrolls of remove curse {unknown}
 o - a scroll of amnesia {unknown}
Potions
 i - a potion of haste
 k - a potion of mutation
 l - a potion of degeneration


   Skills:
 - Level 1.0 Fighting
 + Level 2.9 Armour
 - Level 2.1 Dodging
 + Level 4.8 Unarmed Combat
 - Level 2.0 Spellcasting
 * Level 4.1 Transmutations


You had 8 spell levels left.
You knew the following spells:

 Your Spells              Type           Power        Failure   Level
a - Beastly Appendage     Tmut           #.....       47%         1

Your spell library contained the following spells:

 Spells                   Type           Power        Failure   Level
 Wereblood                Tmut           #.......     63%         2
 Spider Form              Tmut/Pois      #.........   98%         3
 Ice Form                 Ice/Tmut       #.......     100%        4
 Blade Hands              Tmut           #.........   100%        5


Dungeon Overview and Level Annotations

Branches:
Dungeon (4/15)
 Temple: D:4-7

Altars:
Nemelex Xobeh
Okawaru
Qazlal


Innate Abilities, Weirdness & Mutations

You have a beak for a mouth.
You have claws for feet.
You can fly continuously.
You possess an exceptional clarity of mind.
Armour fits poorly on your strangely shaped body.
Your body sometimes deteriorates upon taking damage.


Message History

The worker ant bites you. The orc hits you but does no damage.
You closely miss the worker ant. Your kick misses the worker ant.
You peck the worker ant, but do no damage.
The worker ant is moderately wounded.
You feel sick. The worker ant bites you.
You are more poisoned.
The worker ant poisons you!
Your ice dragon scales prevents you from hitting the worker ant.
Your peck misses the worker ant.
The worker ant is moderately wounded.
You feel sick. The orc hits you with a +0 flail.
* * * LOW HITPOINT WARNING * * *
The worker ant closely misses you.
You barely miss the worker ant.
The worker ant is moderately wounded.
* * * LOW HITPOINT WARNING * * *
You feel sick. The worker ant bites you.
* * * LOW HITPOINT WARNING * * *
The orc hits you with a +0 flail!
You die...

#..##..##.# #.###.#####.#.#
#.(##..##.# ###..##.# #...#
..#..#....# #.......# #####
.#....#...# ###.##†.###
#..##..#..# #...###.##
...##...#.####.### #..#
.........#...#.# ##.##
#....###.....#.######..#
...............)@o.....##
########.....#.#B#####..#
#.....#.#.######.##
#####.#.#.##.# #..#
############.#.#.##.# #..##
.................#..# #..[#
############.#.###..###.#.#######
.....# #.#...................
####.# #)#####..###...######.


You could see a worker ant and an orc.

Vanquished Creatures
  2 orc priests (D:3)
  2 orc wizards (D:3)
  Natasha (thrice) (D:3)
  5 adders
  2 worms (D:2)
  2 dart slugs (D:3)
  A leopard gecko (D:2)
  10 orcs
  5 giant cockroaches
  8 goblins
  7 hobgoblins
  2 jackals (D:3)
  4 quokkas
  11 bats
  7 frilled lizards
  5 kobolds
  7 rats
83 creatures vanquished.

Notes
Turn   | Place    | Note
-------+----------+-------------------------------------------
     0 | D:1      | kae the Tengu Transmuter began the quest for the Orb.
     0 | D:1      | Reached XP level 1. HP: 12/12 MP: 4/4
   166 | D:1      | Reached XP level 2. HP: 16/16 MP: 4/6
   622 | D:1      | Found a sparkling altar of Nemelex Xobeh.
   930 | D:2      | Reached XP level 3. HP: 20/20 MP: 7/7
  1084 | D:2      | Reached skill level 1 in Armour
  1340 | D:2      | Reached XP level 4. HP: 25/25 MP: 8/8
  1942 | D:3      | Noticed Natasha
  1957 | D:3      | Killed Natasha
  1957 | D:3      | Gained mutation: You can fly continuously. [Tengu growth]
  1957 | D:3      | Reached XP level 5. HP: 13/29 MP: 9/9
  2034 | D:3      | Noticed Natasha
  2200 | D:3      | Killed Natasha
  2464 | D:3      | Found a faded altar of an unknown god.
  2481 | D:3      | Found a stormy altar of Qazlal.
  2482 | D:3      | Noticed Natasha
  2494 | D:3      | Gained mutation: Armour fits poorly on your strangely
                  | shaped body. [potion of mutation]
  2494 | D:3      | Gained mutation: Your body sometimes deteriorates upon
                  | taking damage. [potion of mutation]
  2494 | D:3      | Gained mutation: You possess an exceptional clarity of
                  | mind. [potion of mutation]
  2505 | D:3      | Killed Natasha
  2680 | D:3      | Noticed a fire elemental
  2680 | D:3      | Noticed a water elemental
  2680 | D:3      | Noticed an air elemental
  2705 | D:3      | Found an iron altar of Okawaru.
  3273 | D:3      | Reached XP level 6. HP: 5/34 MP: 10/10
  4031 | D:3      | Slain by an orc

Illustrated notes

Levels and vault maps discovered:
D:1:      psy_arrival_basics, layout_loops_ring, nemelex_diamond_rough_becter
D:2:      layout_basic
D:3:      layout_basic, okawaru_gym_becter,
          chequers_ecumenical_altar_simple_redux, ebering_dispersal_statue_hall,
          minivault_26, nicolae_qazlal_style_of_elements, uniq_natasha
D:4:      layout_cave_pools, portal_sewer_entry_a, uniq_sigmund

Skill      XL: |  1  2  3  4  5  6 |
---------------+-------------------+-----
Transmutations | 2 3 4 |  4.1
Armour         | 1 2 |  2.9
Unarmed Combat | 4 |  4.8
Fighting       | |  1.0
Dodging        | |  2.1
Spellcasting   | |  2.0

Action                   |  1- 3 |  4- 6 || total
-------------------------+-------+-------++-------
Melee: Unarmed           |   124 |   178 ||   302
       Kick              |    25 |    35 ||    60
       Peck              |    14 |    28 ||    42
       Headbutt          |     2 |       ||     2
       Punch             |     2 |     1 ||     3
 Cast: Beastly Appendage |     7 |       ||     7
 Abil: Fly               |       |     1 ||     1
  Use: Potion            |       |     6 ||     6
Armor: Robe              |    12 |       ||    12
       Ice dragon scales |    53 |    71 ||   124
       Skin              |       |     8 ||     8
Dodge: Dodged            |    67 |    78 ||   145

Table legend: (Time is in decaauts)
 A = Elapsed time spent in this place.
 B = Non-inter-level travel time spent in this place.
 C = Inter-level travel time spent in this place.
 D = Time resting spent in this place.
 E = Time spent auto-exploring this place.
 F = Levels seen in this place.
 G = Mean time per level.
                   A        B        C        D        E       F      G
               +--------+--------+--------+--------+--------+-----+--------+
         Total |   3967 |   3914 |     53 |   1105 |   2210 |   4 |  991.8 |
       Dungeon |   3967 |   3914 |     53 |   1105 |   2210 |   4 |  991.8 |
               +--------+--------+--------+--------+--------+-----+--------+

Top non-repeatable levels by time:
     D:3: 2045 daAuts
     D:2: 974 daAuts
     D:1: 916 daAuts
     D:4: 30 daAuts
